AoeStats
← DrJonesXX

Arabia

505508013Analyzed
2v2 RM · 23d ago on Sep 9, 2026· 53m 21s· 4 players
Game mode
Random Map
Map size
Medium (4 player)
Population
200
Speed
Normal
Resources
Standard
Victory
Conquest
Starting age
Dark Age
Ending age
Imperial Age
RankedLock teamsTeams togetherTeam positionsShared explorationLock speedFull tech treeHidden civsTurbo modeCheats
Victory
Defeat
🇩🇪 Italians · Germany
979
+10
🇩🇪 Bulgarians · Germany
733
+20
🇨🇱 Celts · Chile
857
-16
🇨🇱 Magyars · Chile
801
-14
alfredo296gomez
8:48 Loom
12:53 Feudal Age
13:23 Double-Bit Axe
17:05 Bloodlines
17:28 Horse Collar
22:53 Scale Barding Armor
26:37 Castle Age
25:53 Town Watch
26:02 Town Watch
26:55 Light Cavalry
27:09 Elite Skirmisher
29:17 Husbandry
32:46 Gold Mining
32:58 Heavy Plow
33:11 Thumb Ring
37:44 Imperial Age
37:23 Chain Barding Armor
36:56 Fletching
38:01 Cavalier
38:04 Hussar
41:44 Plate Barding Armor
JUNIORPLAYBOY
7:37 Loom
9:45 Feudal Age
13:18 Wheelbarrow
13:43 Double-Bit Axe
16:53 Fletching
21:04 Horse Collar
23:38 Castle Age
22:34 Gold Mining
24:39 Stone Mining
28:40 Imperial Age
29:03 Scale Mail Armor
31:28 Hand Cart
32:14 Forging
33:34 Ballistics
33:13 Murder Holes
35:55 Iron Casting
35:35 Heavy Plow
36:37 Stronghold
37:33 Elite Woad Raider
42:25 Blast Furnace
41:41 Chain Mail Armor
42:34 Chemistry
45:04 Furor Celtica
47:58 Plate Mail Armor
DrJonesXX
12:03 Feudal Age
12:30 Horse Collar
12:41 Double-Bit Axe
18:46 Wheelbarrow
21:13 Castle Age
20:47 Forging
20:40 Scale Mail Armor
23:09 Pikeman
25:46 Hand Cart
26:20 Loom
27:20 Bow Saw
27:39 Squires
29:42 Town Watch
30:43 Iron Casting
30:24 Chain Mail Armor
30:51 Arson
31:45 Town Patrol
32:11 Gambesons
33:17 Heated Shot
33:18 Guard Tower
38:11 Ballistics
37:59 Caravan
39:39 Scale Barding Armor
46:55 Imperial Age
Langfinger
7:14 Loom
10:06 Feudal Age
14:59 Double-Bit Axe
15:27 Horse Collar
21:00 Castle Age
18:58 Gold Mining
21:00 Forging
21:06 Pikeman
21:26 Crossbowman
22:03 Fletching
22:14 Padded Archer Armor
23:46 Wheelbarrow
25:15 Thumb Ring
31:14 Town Watch
34:21 Imperial Age
32:32 Ballistics
32:54 Town Patrol
33:10 Hand Cart
33:26 Bow Saw
33:09 Stone Mining
33:52 Bloodlines
33:03 Light Cavalry
34:31 Scale Barding Armor
35:42 Chain Barding Armor
38:07 Plate Barding Armor
38:28 Hussar
43:32 Iron Casting
49:17 Blast Furnace
48:20 Heavy Plow
48:48 Cavalier
Connection lost

Rejoining the realm…

Still unreachable

The connection could not be restored.

Session expired

The server has moved on; the page needs a fresh start.